[Event "44th Chess Olympiad Open 2022"]
[Site "Chennai"]
[Date "2022.08.03"]
[Round "6.2"]
[White "Sasikiran, Krishnan"]
[Black "Vokhidov, Shamsiddin"]
[Result "0-1"]
[WhiteElo "2638"]
[BlackElo "2552"]
[Annotator "TA"]
[PlyCount "148"]
[EventDate "2022.??.??"]
[TimeControl "60"]

1. e4 c5 2. Nf3 d6 3. Bb5+ Nd7 4. Ba4 Ngf6 5. O-O e6 6. d3 {[%emt 0:00:38] B51: Sicilian: Moscow Variation (3 Bb5+) without 3..
.Bd7.} Be7 7. c4 O-O 8. Nc3
{[%emt 0:00:38] The position is equal.} a6 9. h3 Qc7 10. Qe2 b6 11. Bf4 Bb7 12. Bh2 Rac8 {[%emt 0:
00:00] [#]} 13. Rac1 $146 ({Predecessor:} 13. Nd2 Ne5 14. f4
Nc6 15. Nf3 Nd7 16. Rae1 Nd4 17. Nxd4 cxd4 18. Nb1 b5 19. cxb5 {½-½ (32)
Paehtz,E (2479)-Sebag,M (2450) Skolkovo 2019}) 13... Nb8 14.
Rfd1 Nc6 15. Qe3 Rfd8 16. Kh1 h6 17. a3 Nd7 18. Ne2 Bf6 19.
Rb1 Nde5 20. Bxc6 Bxc6 21. b4 Nxf3 22. Qxf3 Qd7 23. Nf4 b5 24. Qe2 Bd4 25. f3 Rb8 (25... a5 $5) 26. Qd2 e5 27.
Ne2 bxc4 28. dxc4 Rdc8 29. Rbc1 Ba4 {[%emt 0:01:41] A strong pair of
Bishops.} 30. Re1 f6 31. Ng3 Rb6 32. Nf5 Qf7 33. f4 (33. bxc5 $11 {might be stronger.} Bxc5 34. Bg1) 33... Rbc6 (33... cxb4 $15 34. fxe5 (34. Nxd4 exd4 35. Qxd4 Rbc6 $15)
34... dxe5 35. Nxd4 Rd8) 34. Nxd4 (34. fxe5 $11 {keeps the
balance.} dxe5 35. bxc5 Bxc5 36. Qa5) 34... cxd4 $17 35. c5 Qe6 ({Inferior is} 35... dxc5 36.
bxc5 Re6 37. Bg3 $15) 36. fxe5 dxe5 37. Rf1 a5 38. Rf3 Ra6 39. Bg3 Bb5 (39... axb4
$19 {Hoping for ...Bc6.} 40. axb4 Bb5) 40. bxa5 Bc6 41. Qd3 Rxa5 {[%emt 0:00:44] ...Rca8 is the strong
threat.} 42. Be1 Ra7 43. Bb4 (43. Kh2 $17) 43... Rf7 $19 44. Kg1 Rcf8 45. Re1 Qd7 46. Rg3 Kh7 47. Kh2 Kh8 48.
Rg6 Qb7 49. Bd2 Ra8 50. Bb4 (50. Qf3 $17) 50... Rd8 (50... Kh7 $19 51. Rg3 Kh8) 51. Ba5 Rb8 52. Bb4 Qc7 ({Black should try} 52... Kh7 $19
53. Qf3 Qd7) 53. Rg3 (53. Qf3 $17) 53... Rbf8 54. Rg6 Qd7 55. Bd2 Rb8 ({Better is} 55... Kh7 $19 56. Rg4 f5 57. exf5 Qxf5 58. Qxf5+
Rxf5) 56. Bb4 (56. Qf3 $17 {is a better defense.}) 56... Qe6 57. Qe2 Rff8 ({Black should
play} 57... Kh7 $1 $19 58. Rg3 f5 59. exf5 Rxf5) 58. Qd3 (58. Rg3 $17 {keeps fighting.}) 58... Rbe8 59.
Qe2 (59. h4 $17) 59... Qf7 60. Rg3 Re7 61. Qa6 (61. Rf3 $17) 61... Qe6 62. Qd3 (62. Rf1 $142) 62... f5 63. exf5 Rxf5 64. a4 Qf6 ({Stronger than} 64... Bxa4 65. c6 Ref7 66. Qxd4 Bxc6 67.
Qd6 Qxd6 68. Bxd6 $17) 65. a5 (65. Qa6 $142) 65... e4 66. Qa6 (66. Qc4 $142
e3 67. Rb1) 66... e3 {[%emt 0:00:19] aiming for ...Rf2.} 67. Qc8+ Kh7 {[%emt 0:00:01] Active counter play!} 68. a6 Rf2 (68... e2 $142 69. Rb1 Re8) 69. Rg1 e2 {
[%emt 0:03:37] Strongly threatening ...Rf1.} 70. Re1 {[%emt 0:00:58] [#]} Re3 (70... Bxg2 $142 $1 71. Qg4 Bf3+ 72. Kg1 Bxg4 73. Bd2 {[#]} Rf7
$1 74. Rxg4 Qf3 75. Rc1 Qxh3 76. Rxg7+ Kxg7 77. Bxh6+ Qxh6 78. Re1 Qh2#) 71.
Rg4 {[%emt 0:00:33] [#]} Bxg2 $1 {[%emt 0:01:31] Black mates.} 72. Rxg2 Qf4+ 73. Kh1 Rxg2 74. Kxg2 Rg3+ {[%emt 0:00:04] Weighted Error Value:
White=0.21 (precise) /Black=0.15 (very precise)} 0-1

[Event "44th Chess Olympiad Open 2022"]
[Site "Chennai"]
[Date "2022.08.03"]
[Round "6.2"]
[White "Sindarov, Javokhir"]
[Black "Erigaisi Arjun"]
[Result "1/2-1/2"]
[WhiteElo "2629"]
[BlackElo "2689"]
[Annotator "TA"]
[PlyCount "97"]
[EventDate "2022.??.??"]
[TimeControl "60"]

1. e4 c6 2. d4 d5 3. Nc3 dxe4 4. Nxe4 Nf6 5. Nxf6+ exf6 6. Bc4 Bd6 7. Qe2+ Qe7 8. Qxe7+ Kxe7 9. Bd3 {[%emt 0:00:31]
Prevents Bf5. B15: Caro-Kann: 3 Nc3:3...g6 and 3...dxe4 4 Nxe4 Nf6 5 Nxf6+
exf6.} Na6 {[%emt 0:12:26][%cal Yb8a6,Ya6c7,Yc7e6,Ye6c5] [#]} 10. a3 $146 {
[%emt 0:11:11] Prevents Nb4.} ({Predecessor:} 10. c3 Re8 11. Ne2 Nc7 12. c4 Kf8
13. Be3 Bg4 14. Nc3 Rad8 15. h3 Bh5 16. O-O Ne6 {0-1 (33) Karthikeyan,M (2606)
-Xiong,J (2709) Chess.com INT 2021}) 10... b5 11. Ne2 {
[%emt 0:00:46] White is slightly better.} Nc7 12. Bf4 Bxf4 13. Nxf4 Ne6 14. Ne2 Rd8 15. c3 c5 16. Be4 ({But not} 16. Bxh7 g6
17. O-O-O Rh8 $17) 16... Rb8 17. dxc5 Nxc5 18. Bc2 Ne6 19.
Rd1 Bd7 20. f3 (20. Bxh7 g6
21. Rd3 Rh8 22. Bxg6 (22. Rh3 $2 Rbe8 $19) 22... fxg6 $17) 20... a5 21. b4 ({Reject} 21. Bxh7 g6 22. f4 Ng7 $17) 21...
axb4 22. axb4 Ra8 23. Kf2 g6 24. Be4 Rac8 25. Ra1 Bc6 26. Bxc6 Rxc6 27. Ra7+ Kf8 28. Rha1 Nc7 {[%emt 0:00:35] Prevents Ra8.} 29. Rb7 Rd2
{[%emt 0:01:10][%cal Yc6e6] [#] ...Re6! is the strong threat.} 30. Ke1 Rd7 31. Rd1 Re7 32. Kf2 (32. Rd8+ {looks sharper.} Kg7 33. Kd2 Ra6 34.
Nd4) 32... Kg7 33. Rd8 (33. g4 $16) 33... Ne6 (33... f5 $14) 34. Rxe7 $18 Nxd8 {[%emt 0:00:
00] Endgame [#] KRN-KRN} 35. Nd4 $2 (35. Rd7 $1 $18 Ne6 36. Rb7) 35... Rxc3 $11 {[%emt 0:00:11] The position is equal.} 36.
Rd7 Rc8 (36... Nc6 $2 37. Rc7 $18) 37. Nxb5 Rc2+ 38. Kg3 Nc6 39. Nd6 Nxb4 40. Ne8+ Kf8 41. Nxf6 h5 42. Nh7+ Ke8 43. Nf6+ Kf8 44. Ne4 Nc6 45. Ng5 Ne7 46. Nh7+ Ke8 47. Nf6+ Kf8 48. Nh7+ Ke8 49. Nf6+ {[%emt 0:00:00] Weighted Error Value: White=0.09 (flawless) /
Black=0.10 (very precise)} 1/2-1/2

[Event "44th Chess Olympiad Open 2022"]
[Site "Chennai"]
[Date "2022.08.03"]
[Round "6.3"]
[White "Caruana, Fabiano"]
[Black "Maghsoodloo, Parham"]
[Result "1-0"]
[WhiteElo "2783"]
[BlackElo "2701"]
[Annotator "TA"]
[PlyCount "95"]
[EventDate "2022.??.??"]
[TimeControl "60"]

1. e4 c5 2. Nf3 d6 3. d4 cxd4 4. Nxd4 Nf6 5. Nc3 a6 6. f3 e5 7. Nb3 Be6 8. Be3 Nbd7 9. g4 Be7 10. Qd2 O-O 11. O-O-O b5 12.
g5 b4 {[%emt 0:01:14] 12...Nh5 gains popularity.} 13. gxf6 {
[%emt 0:00:32] B90: Sicilian Najdorf: Unusual White 6th moves, 6 Be3 Ng4 and 6
Be3 e5.} (13. Ne2 $5 Ne8 14. f4 $11 (14. Qxb4 a5 $11)) 13...
bxc3 14. Qxc3 Nxf6 15. Na5 {
[%emt 0:00:06] The position is equal.} Rc8 $132 {[%emt 0:00:46] Black is not
keeping still} 16. Nc6 Qe8 17. Nxe7+ Qxe7 18. Qa5 Rc6 19. Rg1 Rfc8 20. Kb1 Nh5 21. Rg2 (21. Bxa6 $2 Ra8 22. a3 (22. Bb6
$2 Bc4 $19) 22... Rcxa6 $19) 21... Qf6 22. Rf2 Qh4 (22... h6 $14) 23. Rfd2 (23. Bxa6 $2
Ra8 24. a3 (24. Bb6 $2 Bc4 $19) 24... Rcxa6 $19) ({Better is} 23. b4 $1 $16)
23... h6 (23... Qf6 $14 {might be stronger.}) 24. b3 (24. Bxa6 $2 Ra8 25. Rxd6 (25. Bb6 $2 Bc4 $19) 25... Raxa6 26. Qd8+
Qxd8 27. Rxd8+ Kh7 $19) 24... Qf6 25. Rf2 {[%emt 0:00:00] [#]}
(25. Bxa6 Ra8 26. Bb6 Bd7 $17) 25... Qh4 $146 ({Predecessor:} 
25... Kh7 26. c4 Nf4 27. Qb4 Nh3 28. Bxh3 Bxh3 29. Kb2 Qd8 30. Qd2 Rb8 31. f4
Qc7 32. Rg1 Rxc4 33. Rg3 d5 {1-0 (39) Ponomariov,R (2699) -Navara,D (2737)
Biel 2017}) 26. Qe1 (26. Bxa6 Ra8 27. Bb6 {[#]}
Rxb6 $1 28. Qxb6 Rxa6 $1 29. Qxa6 Qxf2 $15) 26... Nf4 27. c4 f5 (27... Qd8 $11) 28. Bxf4 $16 (28. exf5 {keeps more tension.} Bxf5+ 29. Kb2 Qf6 30. Bxf4 exf4+ 31. Qc3)
28... Qxf4 29. Bd3 Rf8 30.
Kb2 Qh4 31. Rg2 Qf6 (31... Qxe1 $14 32. Rxe1 f4) 32. Qb4 {[%emt 0:00:00] Hoping
for Rdg1.} Rf7 ({Black should play} 32... f4) 33. Bc2 {
[%emt 0:03:13] White is more active.} Qd8 $2 {[%emt 0:02:28] This move loses
the game for Black.} (33... Bc8 $16 {was necessary.}) 34. Rg6 $18 Rf6 35. Rxf6 gxf6 36.
exf5 Bxc4 37. Qd2 ({
Inferior is} 37. bxc4 Rb6 38. Qb3 (38. Rg1+ $2 Kh7 $19) 38... Rxb3+ 39. Bxb3
Qc7 40. c5+ d5 $15) 37... Qb6 38. Qxh6 (38.
Be4 $142 d5 39. Bxd5+ Bxd5 40. Qxd5+ Kf8 41. Rd2) 38... d5 $2 (38... Kf7 39. Be4 (39. f4 Ke7 $16) 39... d5) 39. Qg6+ {[%emt 0:02:48] White
is clearly winning.} Kf8 40. Rg1 {[%emt 0:00:10] Intending
Qg8+ and mate.} d4 41. Qg7+ Ke8 42. Qh8+ Ke7 43. Rg7+ Bf7 44. Qh5 Rxc2+ 45. Kxc2 (45. Kb1 $142 Rc1+ 46. Kxc1 Qc6+ 47. Kd1) 45... d3+ 46. Kd1 Qg1+ 47. Rxg1 {[%emt 0:00:05]
Rg7 would kill now.} Bxh5 48. Kd2 {[%emt 0:00:05] Weighted
Error Value: White=0.15 (very precise) /Black=0.32} 1-0

[Event "44th Chess Olympiad Open 2022"]
[Site "Chennai"]
[Date "2022.08.03"]
[Round "6.3"]
[White "So, Wesley"]
[Black "Idani, Pouya"]
[Result "1/2-1/2"]
[WhiteElo "2773"]
[BlackElo "2641"]
[Annotator "TA"]
[PlyCount "59"]
[EventDate "2022.??.??"]
[TimeControl "60"]

1. e4 c6 2. d4 d5 3. exd5 cxd5 4. Bd3 Nf6 5. c3 Bg4 6. Qb3 Qc7 7. Ne2 {[%emt 0:05:45] B13:
Caro-Kann: Exchange Variation and Panov-Botvinnik Attack.} Bxe2 8. Bxe2 e6 9. Nd2 Bd6 10. Nf3 O-O 11. O-O Nc6 12. g3 Rab8 {[%emt 0:00:
00] [#]} 13. Re1 $146 ({Predecessor:} 13. a4 a6 14. Ne1 b5 15.
axb5 axb5 16. Nd3 b4 17. Be3 bxc3 18. Qxc3 Ne4 19. Qc1 {0-1 (48) Bakalarz,M 
(2256)-Niedbala,B (2375) Ustron 2021}) 13... b5 14. a3 {
[%emt 0:00:04] Prevents b4.} ({Don't blunder} 14. Bxb5 $2 a6 15. a4 Na5 $19)
14... h6 15. Bd3 ({But not} 15. Bxb5 $2 a6
16. a4 Na5 $19) 15... Rfc8 16. Re2 ({Don't
go for} 16. Bxb5 $2 a6 17. a4 Na5 $19) 16... a5 17. Bxb5 Na7 (17... Qb6 $5 18. a4 Na7 $11) 18. a4 Nxb5 19. axb5 Qb6 20. Ne1 Qxb5 21. Qxb5 Rxb5 22. Nd3 Nd7 23. Bf4 Bf8 24. g4 Nb6 25. h4 a4 26. Rc2 Rb3 27. Nc1 Rb5 (
27... Rb4 $5 28. Kh2 Be7 $15) 28. Nd3 Rb3 29. Nc1 Rb5 (29... Rb4 $5 30. Kh2 Be7 $15) 30. Nd3 {[%emt 0:02:08] Not much happened in
this game. Weighted Error Value: White=0.03 (flawless) /Black=0.04 (flawless)}
1/2-1/2

[Event "44th Chess Olympiad Open 2022"]
[Site "Chennai"]
[Date "2022.08.03"]
[Round "6.3"]
[White "Tabatabaei, M. Amin"]
[Black "Aronian, Levon"]
[Result "1/2-1/2"]
[WhiteElo "2664"]
[BlackElo "2775"]
[Annotator "TA"]
[PlyCount "62"]
[EventDate "2022.??.??"]
[TimeControl "60"]

1. c4 Nf6 2. g3 c5 3. Bg2 Nc6 4. Nf3 d5 5. cxd5 Nxd5 6. Nc3 g6 7. h4 {[%emt 0:00:53][%cal Yh2h4,Yh4h5,
Yh5h6] A34: Symmetrical English: 2 Nc3, lines with ...d5.} Bg7 8. h5 Bf5 9. h6 {[%emt 0:00:00] White has an
edge.} (9. Qb3 $5 Ndb4 10. hxg6 hxg6 11. Rxh8+ Bxh8 12. Kf1 $11
(12. d3 $2 c4 $19)) 9... Bf6 10. O-O O-O 11. Nh2 {[%emt 0:00:21] [#]} Nb6 $146 ({
Predecessor:} 11... Nxc3 12. dxc3 Qb6 13. e4 Rfd8 14. Qe2 Be6 15. f4 Na5 16.
Qf2 Bc4 17. Re1 Bd3 {½-½ (58) Anton Guijarro,D (2681) -Grischuk,A (2777)
Chess.com INT 2020}) 12. g4 Be6 13. Ne4 Bd5 14. d3 c4 (14... Bh8 $15) 15. dxc4 Bxe4 16. Bxe4 Nxc4 (16... Qc8 $5 ) 17. g5 {
[%emt 0:02:04] The position is equal.} Bh8 ({Resist} 17...
Bxb2 18. Bxb2 Qxd1 19. Rfxd1 $16) 18. Qxd8 Rfxd8 19. Nf3 Rac8 ({Don't play} 19... Nxb2
20. Rb1 Nc4 21. Rxb7 $16) ({But not} 19... Bxb2 20. Bxb2 Nxb2 21. Rfb1 $16) 20.
Rb1 Kf8 21. a3 Ke8 22. b3 Nd6 23. Bd3 a6 24. Be3 Nb5 25. Bxb5 axb5 26. Rfc1 Rd5 27. Kg2 f5 28. gxf6 Bxf6 29. a4 Ra8 30. Rc5 Rxc5 31. Bxc5 bxa4 {[%emt 0:
00:07] Weighted Error Value: White=0.08 (flawless) /Black=0.11 (very precise)}
1/2-1/2

[Event "44th Chess Olympiad Open 2022"]
[Site "Chennai"]
[Date "2022.08.03"]
[Round "6.3"]
[White "Daneshvar, Bardiya"]
[Black "Dominguez Perez, Leinier"]
[Result "1/2-1/2"]
[WhiteElo "2490"]
[BlackElo "2754"]
[Annotator "TA"]
[PlyCount "91"]
[EventDate "2022.??.??"]
[TimeControl "60"]

1. d4 Nf6 2. c4 e6 3. Nc3 d5 4. cxd5 exd5 5. Bg5 Bb4 6. e3 h6 7. Bxf6 {[%emt 0:05:10] D35: Queen's Gambit Declined: Exchange
Variation.} Qxf6 8. Qb3 Qd6 9. a3 Bxc3+ 10. Qxc3 Bf5 {
[%emt 0:04:55] [#]} 11. Qb4 $146 ({Predecessor:} 11. Nf3 O-O
12. Bd3 Bxd3 13. Qxd3 Nd7 14. O-O Nb6 15. Rfc1 c6 16. Nd2 Qd7 17. Rc3 Rad8 18.
Rd1 Rfe8 19. h3 {0-1 (51) Baldauf,M (2522)-Kryvoruchko,Y (2683) Germany 2022})
11... Qb6 12. Rc1 c6 13. Nf3 Nd7 14. Nd2 Qc7 15. a4 a5 16.
Qa3 Nf6 17. Nb3 h5 18. Be2 h4 19. O-O Ne4 20. Nc5 Qe7 21. Nxe4 Bxe4 22. Qxe7+ Kxe7 23. f3 Bf5 24. Rc5 {[%emt 0:00:00]
The position is equal.} Rhc8 25. e4 Bd7 26. Rfc1 b6 27. R5c3 dxe4 28. fxe4 c5 29. dxc5 Rxc5 30. Rxc5 bxc5 31. Rxc5 Bxa4 $11 {[%emt 0:00:01]
Endgame KRB-KRB} 32. Rc7+ Kf8 33. Bc4 Be8 34. Bd5 Ra6 35. b3 a4 36. bxa4 Rxa4 37. Kf2 Ra3 38. Rb7 Rc3 39. Ra7 f6 40. Rb7 Rc2+ 41. Kg1 Rd2 42. Ra7 Rb2 43. g3 h3 44. Be6 Rb1+ 45. Kf2 Rb2+ 46. Kg1 {[%emt 0:00:15]
Weighted Error Value: White=0.04 (flawless) /Black=0.03 (flawless)} 1/2-1/2

[Event "44th Chess Olympiad Open 2022"]
[Site "Chennai"]
[Date "2022.08.03"]
[Round "6.4"]
[White "Anton Guijarro, David"]
[Black "Albornoz Cabrera, Carlos Daniel"]
[Result "1/2-1/2"]
[WhiteElo "2667"]
[BlackElo "2566"]
[Annotator "TA"]
[PlyCount "89"]
[EventDate "2022.??.??"]
[TimeControl "60"]

1. d4 Nf6 2. c4 e6 3. Nf3 d5 4. Nc3 Bb4 5. Qa4+ Nc6 6. e3 O-O 7. Qc2 {[%emt 0:01:04] D38: Queen's Gambit
Declined: Ragozin Defence (4 Nf3 Bb4).} Re8 8. Bd2 Bf8 9. Be2 dxc4 10.
Bxc4 Nb4 11. Qb1 c5 12. dxc5 Bxc5 13. O-O {
[%emt 0:18:54] [#]} Nc6 $146 ({Predecessor:} 13... b6 14. a3
Nc6 15. Ne4 Nxe4 16. Qxe4 Bb7 17. Bc3 Bf8 18. Rfd1 Qe7 19. Bd3 f5 {½-½ (37)
Gukesh,D (2614)-Narayanan,S (2553) Dhaka 2022}) 14. Ne4 Bb4 15. Rd1 {[%emt 0:02:34] [#] aiming for Bxb4.} Qe7 16. Nxf6+ Qxf6 17. Bxb4 Nxb4 18. Qe4 {[%emt 0:02:31] Strongly threatening Bb5.} Nc6 19. Rd6 Rd8 20. Rxd8+ Qxd8 21. h4 Bd7 22. Ng5 g6 $1 23. Qf4 Qe7 24. Ne4 (24. Rd1
$5 ) 24... h5 25. Be2 Kg7 26. Qg3 Rh8 27. Rd1 e5 28. Nd6 Be6 29. Bf3 Bc8 30. a3 Rd8 (30... Kh7 $1 $14 {should be considered.}) 31. Nxc8 $16 {
[%emt 0:00:15] White is much more active.} Rxc8 {[%emt 0:00:17] [#]} 32. b4 ({White should try} 32. Bxh5 $1 $16 Rh8 33. Bg4) 32... e4 $14 33. Bxh5 Qe5 $1 {[%emt 0:01:14] Prevents Rd5.}
34. Bg4 Qxg3 35. fxg3 $11 {[%emt 0:00:03]
Endgame KRB-KRN} f5 36. Rd7+ Kf6 {[%emt 0:00:
02] Threatens to win with ...Ne5.} 37. Be2 Ne5 38. Rxb7 Rc3 39. Rxa7 {[%emt 0:01:56] And
now Ra6+ would win.} Rxe3 40. Ra6+ Ke7 {
[%emt 0:00:28] The position is equal.} 41. Kf2 Rb3 42. Bd1 Rd3 43. Be2 Rb3 44. Bd1 Rd3 45. Be2 {
[%emt 0:00:03] Weighted Error Value: White=0.06 (flawless) /Black=0.06 
(flawless)} 1/2-1/2

[Event "44th Chess Olympiad Open 2022"]
[Site "Chennai"]
[Date "2022.08.03"]
[Round "6.4"]
[White "Iturrizaga Bonelli, Eduardo"]
[Black "Almeida Quintana, Omar"]
[Result "1/2-1/2"]
[WhiteElo "2619"]
[BlackElo "2523"]
[Annotator "TA"]
[PlyCount "83"]
[EventDate "2022.??.??"]
[TimeControl "60"]

1. c4 g6 2. d4 Bg7 3. e4 d6 4. Nc3 e5 5. d5 a5 6. Be2 {[%emt 0:17:14] A42: Modern Defence: Averbakh Variation.} h5 7. Nf3 Bh6 {[%emt 0:00:00] [#]
} 8. c5 $146 {[%emt 0:03:46] White is better.} ({Predecessor:} 8. Bxh6 Nxh6 9.
a3 Na6 10. b4 axb4 11. axb4 Bg4 12. Rb1 Bxf3 13. Bxf3 O-O 14. O-O {½-½ (55)
Bilan,D (2032)-Apryshko,G (2310) Kimry 2014}) 8... Nd7 9. cxd6 cxd6 10. Nd2 Nb6 11. b3 Nf6 12. Ba3 O-O 13. O-O a4 14. Nc4 ({But not} 14. bxa4 $6 Nxa4 15. Nxa4 Bxd2 $11) 14... axb3 15. axb3 Nxc4 16. bxc4 b6 17. Qd3 Ba6 18. Bb4 Qd7 19. Qf3 (
19. Ra3 $142) 19... Kg7 (19... Qe7 $142) 20. Ra2 Ra7 (20... Bb7 $142) 21. Rfa1 (21. Nb5
$142 $1 Bxb5 22. Rxa7 Qxa7 23. Bxd6 (23. cxb5 Qc7 $14)) 21...
Rfa8 $16 22. h3 Ne8 23. Qd3 Bg5 24. Qd1 Bc8 25. Rxa7 Rxa7 26. Rxa7 Qxa7 27. Nb5 Qb8 28. Qa1 {[%emt 0:00:17][%cal Yb5d6] Hoping for Nxd6!} Bf6 29. Qa3 {[%emt 0:00:40][%cal Rb5d6] White is much more active.} Be7 30. f4 (30. Na7 $14) 30... exf4 $11 31. e5 Bd7 $1 32. exd6 Bf6 33. Nc3 (33. Nc7 $11) 33... Bd4+ $15 34. Kh1 Nf6 {[%emt 0:00:04] Inhibits Ne4.} 35. Qc1 Be5 36. Qa3 (36. Qd2 $15)
36... g5 $17 37. Bd3 {[%emt 0:00:52] [#]} f3 $2 {[%emt 0:00:
59] Prevents Ne2.} ({Black should try} 37... Qc8 $1 $17 {[%cal Yd7h3] White
must now prevent ...Bxh3!} 38. Nd1 {[#]} (38. Qa7 $2 Bxh3 39. Qa2 Bf5 $19)
38... Bxh3 $1) 38. gxf3 $11 {[%emt 0:00:11] Qc1 is the strong threat.} Bxh3 39. Ne4 Nxe4 {[%emt 0:00:19] The
position is equal.} 40. Bxe4 {[%emt 0:00:06][%cal Yf3f4] aiming for f4!} Bd7 41. Bc3 Bxc3 42. Qxc3+ {
[%emt 0:02:39] Weighted Error Value: White=0.15 (very precise) /Black=0.14 
(very precise)} 1/2-1/2

[Event "44th Chess Olympiad Open 2022"]
[Site "Chennai"]
[Date "2022.08.03"]
[Round "6.4"]
[White "Quesada Perez, Yasser"]
[Black "Shirov, Alexei"]
[Result "1/2-1/2"]
[WhiteElo "2568"]
[BlackElo "2704"]
[Annotator "TA"]
[PlyCount "77"]
[EventDate "2022.??.??"]
[TimeControl "60"]

1. e4 e5 2. Nf3 Nc6 3. Bc4 Bc5 4. c3 Nf6 5. d4 exd4 6. e5 d5 7. Bb5 Ne4 8. cxd4 Bb6 9. Nc3 O-O 10. Be3 {[%emt 0:00:13] C54: Giuoco Piano: 4 c3
Nf6, main lines with 5 d4 and 5 d3.} Bg4 11. h3 Bh5 12. Qc2 Bg6
{[%emt 0:02:14] [#] White must now prevent ...Nxc3.12...Nxc3 injects fresh
life into this line.} 13. Qb3 Ne7 14. O-O c6 15. Bd3 Nd2 16. Nxd2 Bxd3 17. Rfe1 Bg6 18. Na4 Nf5 19. Nxb6 axb6 20. Nf3 {[%emt 0:00:00] [#]}
b5 $146 ({Predecessor:} 20... Nxe3 21. Qxe3 Qe7 22. a3 c5 23.
Qb3 Be4 24. Qxb6 Bxf3 25. gxf3 Qh4 26. e6 Qxh3 {½-½ (72) Abdusattorov,N 
(2627)-Yakubboev,N (2605) Tashkent 2021}) 21. Bd2 Re8 22. g4 Nh4 23. Nh2 Ra4 24. Qe3 Rc4 25.
b3 Rc2 26. Rec1 h6 27. Rxc2 Bxc2 28. Qg3 g5 {[%emt 0:09:24] The position is equal.} 29. f4 {[%emt 0:05:58]
Threatening fxg5.} f6 30. Nf3 Nxf3+ 31. Qxf3 fxe5 32. dxe5 Be4 33. Qf2 gxf4 34.
Qxf4 Rf8 35. Qxh6 Rf3 36. Qe6+ Kh7 37. Qh6+ Kg8 {[%emt 0:00:04] [#] Hoping for ...Qb6+.} 38. Qe6+ Kh7 {[%emt 0:00:48] ( -> ...Qb6+)} (38... Kg7 $5 39. Qh6+ Kg8 $11) 39.
Qh6+ {[%emt 0:00:11] Weighted Error Value: White=0.03 (flawless) /Black=0.05 
(flawless)} 1/2-1/2

[Event "44th Chess Olympiad Open 2022"]
[Site "Chennai"]
[Date "2022.08.03"]
[Round "6.4"]
[White "Quesada Perez, Luis Ernesto"]
[Black "Santos Latasa, Jaime"]
[Result "1/2-1/2"]
[WhiteElo "2549"]
[BlackElo "2675"]
[Annotator "TA"]
[PlyCount "80"]
[EventDate "2022.??.??"]
[TimeControl "60"]

1.
c4 c5 2. g3 Nc6 3. Bg2 g6 4. Nc3 Bg7 5. Nf3 e6 6. d3 Nge7 7. h4 h6 {[%emt 0:00:00] A37:
Symmetrical English vs ...g6:4 Bg2 Bg7 5 Nf3.} 8. h5 g5 9. Nxg5 hxg5 {[%emt 0:00:27] Black is
slightly better.} 10. Bxg5 f6 {[%emt 0:12:05][%cal Yf7f6,
Yf6g5] [#]} 11. h6 $146 ({Predecessor:} 11. Bf4 e5 12. Bd2 d6
13. h6 Bf8 14. Nd5 Nxd5 15. cxd5 Ne7 16. e4 Kd7 17. b4 {1-0 (30) Thorfinnsson,
B (2426)-Loftsson,H (2163) Reykjavik 2018}) 11... fxg5 12.
hxg7 Rxh1+ 13. Bxh1 Kf7 14. e3 Kxg7 15. Qh5 d5 16. Qxg5+ Ng6 17.
Qxd8 Nxd8 18. cxd5 Ne5 19. Rd1 exd5 {[%emt 0:02:49] Threatens to win
with ...Bg4.} 20. d4 cxd4 21. Rxd4 Ndc6 22. Rxd5 a6 23.
Bg2 Be6 24. Rd6 Bg4 25. Be4 Nf3+ 26. Bxf3 Bxf3 27. e4 Ne5 28. Rd5 Re8 29. Kd2 Nc4+ 30. Kd3 Nxb2+ 31. Ke3 Bg2 {[%emt 0:00:06][%cal Yb2a4] [#] And now ...Na4! would win.}
(31... Bh1 $5 32. f3 (32. Rd7+ Kg8 $17) 32... Nc4+ 33. Ke2 Rc8
34. Rd7+ Kg6 $17) 32. f3 Rf8 (32... Rc8 $5 33. Rd7+ Kh6 34. Rd6+ Kg5 35. Rd5+ Kf6 36. Rf5+ Kg7 $15) 33. f4 {
[%emt 0:00:39] The position is equal.} b5 34. f5 b4 35. Ne2 {[%emt 0:08:35] [#] Hoping
for Nf4.} Re8 36. Rd4 Nd1+ 37. Rxd1 {[%emt 0:00:47] Rd4 is the strong threat.} Bxe4 {[%emt 0:00:10] White
must now prevent ...Bc2+.} 38. Rd7+ Kf6 39.
Rd6+ Kxf5 40. Nd4+ Ke5 {
[%emt 0:00:19] Weighted Error Value: White=0.07 (flawless) /Black=0.06 
(flawless)} 1/2-1/2